[ AOE2 MATCH · #473935374 ]
Team RMHuns vs Bohemians
[ REPLAY ANALYSIS · EXTRACTED FROM THE RECORDED GAME ]
Feudal
10:59
Castle
27:03
Imperial
—
| APM avg | 38.5 |
| APM peak | 79 |
| eAPM avg | 17.9 |
| Villagers / military | 155 / 114 |
Focus
⚔️ 37.7% · 🌾 62.3%
Archer ×72 · Cavalry Archer ×42 · Trade Cart ×2
Feudal
14:14
Castle
21:26
Imperial
—
| APM avg | 19.2 |
| APM peak | 50 |
| eAPM avg | 10.2 |
| Villagers / military | 77 / 61 |
Focus
⚔️ 23.8% · 🌾 76.2%
Genoese Crossbowman ×52 · Skirmisher ×6 · Fishing Ship ×3 · Spearman ×2 · Knight ×1
Feudal
12:20
Castle
21:46
Imperial
37:19
| APM avg | 35.1 |
| APM peak | 76 |
| eAPM avg | 13.3 |
| Villagers / military | 112 / 169 |
Focus
⚔️ 33.3% · 🌾 66.7%
Scout Cavalry ×131 · Knight ×28 · Battering Ram ×10
Feudal
15:25
Castle
—
Imperial
—
| APM avg | 8.7 |
| APM peak | 45 |
| eAPM avg | 4.3 |
| Villagers / military | 18 / 9 |
Focus
⚔️ 24.5% · 🌾 75.5%
Spearman ×5 · Scout Cavalry ×3 · Militia ×1
Feudal
17:15
Castle
20:22
Imperial
30:23
| APM avg | 32.4 |
| APM peak | 98 |
| eAPM avg | 19.1 |
| Villagers / military | 107 / 233 |
Focus
⚔️ 27.2% · 🌾 72.8%
Battle Elephant ×138 · Knight ×93 · Fishing Ship ×60 · Trade Cart ×35 · Unknown (2626) ×2 · Monk ×2
Feudal
12:53
Castle
25:01
Imperial
—
| APM avg | 34.6 |
| APM peak | 75 |
| eAPM avg | 14.2 |
| Villagers / military | 84 / 124 |
Focus
⚔️ 43.5% · 🌾 56.5%
Archer ×72 · Skirmisher ×34 · Chu Ko Nu ×11 · Spearman ×5 · Monk ×2
Feudal
10:40
Castle
19:37
Imperial
31:51
| APM avg | 27.5 |
| APM peak | 51 |
| eAPM avg | 16.0 |
| Villagers / military | 84 / 28 |
Focus
⚔️ 22.5% · 🌾 77.5%
Spearman ×12 · Hussite Wagon ×8 · Monk ×7 · Militia ×1
Feudal
11:05
Castle
15:51
Imperial
31:14
| APM avg | 32.9 |
| APM peak | 73 |
| eAPM avg | 23.2 |
| Villagers / military | 116 / 156 |
Focus
⚔️ 33.7% · 🌾 66.3%
Knight ×114 · Scout Cavalry ×41 · Trade Cart ×24 · Monk ×1
Match map
Resources at game start + every placement click. Thick line = wall · dashed box = detected house wall. 🟡 gold · ⚪ stone · 🟢 berries · 🔶 boar · ⭕ relic
Inputs per minute
— PL-Maciej - - PilotePSP
Build order — PL-Maciej
First 150 of 389 actions detected
| 0:47 | Create | Villager (Male) |
| 0:47 | Create | Villager (Male) |
| 0:47 | Create | Villager (Male) |
| 0:47 | Create | Villager (Male) |
| 0:47 | Create | Villager (Male) |
| 0:47 | Create | Villager (Male) |
| 0:47 | Create | Villager (Male) |
| 1:25 | Create | Villager (Male) |
| 1:25 | Create | Villager (Male) |
| 1:25 | Create | Villager (Male) |
| 1:25 | Create | Villager (Male) |
| 1:25 | Create | Villager (Male) |
| 2:16 | Create | Villager (Male) |
| 2:16 | Create | Villager (Male) |
| 2:16 | Create | Villager (Male) |
| 2:16 | Create | Villager (Male) |
| 2:16 | Create | Villager (Male) |
| 2:16 | Create | Villager (Male) |
| 2:16 | Create | Villager (Male) |
| 2:37 | Create | Villager (Male) |
| 2:37 | Create | Villager (Male) |
| 2:37 | Create | Villager (Male) |
| 2:37 | Create | Villager (Male) |
| 2:37 | Create | Villager (Male) |
| 2:42 | Build | Lumber Camp |
| 3:18 | Create | Villager (Male) |
| 3:18 | Create | Villager (Male) |
| 3:18 | Create | Villager (Male) |
| 3:18 | Create | Villager (Male) |
| 4:24 | Create | Villager (Male) |
| 4:24 | Create | Villager (Male) |
| 4:24 | Create | Villager (Male) |
| 4:24 | Create | Villager (Male) |
| 4:25 | Create | Villager (Male) |
| 4:25 | Create | Villager (Male) |
| 4:25 | Create | Villager (Male) |
| 5:28 | Create | Villager (Male) |
| 5:29 | Create | Villager (Male) |
| 5:29 | Create | Villager (Male) |
| 5:29 | Create | Villager (Male) |
| 5:29 | Create | Villager (Male) |
| 5:29 | Create | Villager (Male) |
| 6:09 | Create | Villager (Male) |
| 6:36 | Create | Villager (Male) |
| 7:10 | Build | Mining Camp |
| 7:17 | Create | Villager (Male) |
| 7:26 | Research | Loom |
| 8:15 | Build | Mill |
| 8:49 | Research | Feudal Age |
| 8:50 | Research | Feudal Age |
| 8:59 | Build | Farm |
| 9:02 | Build | Farm |
| 9:05 | Build | Farm |
| 9:08 | Build | Farm |
| 9:41 | Build | Barracks |
| 10:59 | Age | Feudal Age |
| 11:07 | Build | Archery Range |
| 11:10 | Build | Palisade Wall |
| 11:14 | Build | Palisade Gate |
| 11:20 | Create | Villager (Male) |
| 11:20 | Create | Villager (Male) |
| 11:38 | Build | Archery Range |
| 11:57 | Research | Double-Bit Axe |
| 11:58 | Research | Double-Bit Axe |
| 12:14 | Create | Archer |
| 12:27 | Build | Palisade Wall |
| 12:30 | Create | Villager (Male) |
| 12:32 | Create | Archer |
| 12:32 | Create | Archer |
| 12:33 | Create | Archer |
| 12:33 | Create | Archer |
| 12:33 | Create | Archer |
| 12:34 | Create | Archer |
| 12:34 | Create | Archer |
| 12:35 | Create | Archer |
| 13:08 | Build | Farm |
| 13:13 | Create | Villager (Male) |
| 13:15 | Create | Archer |
| 13:21 | Create | Archer |
| 13:24 | Create | Archer |
| 13:34 | Build | Blacksmith |
| 13:40 | Build | Palisade Wall |
| 13:40 | Build | Palisade Wall |
| 13:41 | Build | Palisade Wall |
| 13:42 | Build | Palisade Wall |
| 13:43 | Build | Palisade Wall |
| 13:45 | Build | Palisade Wall |
| 13:46 | Build | Palisade Wall |
| 13:47 | Build | Palisade Wall |
| 13:48 | Build | Palisade Wall |
| 13:49 | Build | Palisade Wall |
| 13:55 | Create | Villager (Male) |
| 13:57 | Create | Archer |
| 13:57 | Create | Archer |
| 14:03 | Create | Archer |
| 14:14 | Create | Villager (Male) |
| 14:14 | Create | Villager (Male) |
| 14:14 | Create | Villager (Male) |
| 14:15 | Create | Villager (Male) |
| 14:27 | Create | Archer |
| 14:27 | Create | Archer |
| 14:28 | Create | Archer |
| 14:28 | Create | Archer |
| 14:46 | Create | Villager (Male) |
| 14:46 | Create | Villager (Male) |
| 14:55 | Build | Farm |
| 15:00 | Create | Archer |
| 15:01 | Create | Archer |
| 15:13 | Create | Villager (Male) |
| 15:13 | Create | Villager (Male) |
| 15:13 | Create | Villager (Male) |
| 15:13 | Create | Villager (Male) |
| 15:13 | Create | Villager (Male) |
| 15:13 | Create | Villager (Male) |
| 15:13 | Create | Villager (Male) |
| 15:13 | Create | Villager (Male) |
| 15:16 | Build | Farm |
| 15:43 | Create | Archer |
| 15:44 | Create | Archer |
| 15:45 | Create | Villager (Male) |
| 15:45 | Create | Villager (Male) |
| 15:45 | Create | Villager (Male) |
| 15:45 | Create | Villager (Male) |
| 15:45 | Create | Villager (Male) |
| 15:49 | Build | Farm |
| 15:55 | Create | Archer |
| 15:56 | Create | Archer |
| 16:06 | Create | Archer |
| 16:06 | Create | Archer |
| 16:09 | Create | Villager (Male) |
| 16:09 | Create | Villager (Male) |
| 16:09 | Create | Villager (Male) |
| 16:09 | Create | Villager (Male) |
| 16:09 | Create | Villager (Male) |
| 16:10 | Create | Villager (Male) |
| 16:42 | Research | Fletching |
| 16:42 | Research | Fletching |
| 16:55 | Build | Palisade Wall |
| 16:58 | Build | Palisade Gate |
| 16:59 | Create | Archer |
| 17:00 | Create | Archer |
| 17:02 | Create | Villager (Male) |
| 17:02 | Create | Villager (Male) |
| 17:02 | Create | Villager (Male) |
| 17:02 | Create | Villager (Male) |
| 17:02 | Create | Villager (Male) |
| 17:02 | Create | Villager (Male) |
| 17:04 | Create | Archer |
| 17:04 | Create | Archer |
| 17:07 | Build | Farm |
Build order — PilotePSP
First 150 of 188 actions detected
| 0:04 | Create | Villager (Male) |
| 0:04 | Create | Villager (Male) |
| 0:04 | Create | Villager (Male) |
| 0:04 | Create | Villager (Male) |
| 0:11 | Build | House |
| 1:54 | Build | House |
| 2:16 | Research | Loom |
| 2:18 | Create | Villager (Male) |
| 2:18 | Create | Villager (Male) |
| 2:18 | Create | Villager (Male) |
| 2:28 | Build | House |
| 3:18 | Create | Villager (Male) |
| 3:18 | Create | Villager (Male) |
| 3:51 | Build | Lumber Camp |
| 3:57 | Create | Villager (Male) |
| 3:58 | Create | Villager (Male) |
| 3:58 | Create | Villager (Male) |
| 4:18 | Create | Villager (Male) |
| 4:18 | Create | Villager (Male) |
| 4:19 | Create | Villager (Male) |
| 4:45 | Create | Villager (Male) |
| 4:45 | Create | Villager (Male) |
| 5:19 | Create | Villager (Male) |
| 5:19 | Create | Villager (Male) |
| 5:29 | Create | Villager (Male) |
| 5:30 | Create | Villager (Male) |
| 6:28 | Build | House |
| 7:01 | Create | Villager (Male) |
| 7:01 | Create | Villager (Male) |
| 7:01 | Create | Villager (Male) |
| 7:02 | Create | Villager (Male) |
| 7:54 | Build | Mill |
| 8:01 | Create | Villager (Male) |
| 8:01 | Create | Villager (Male) |
| 8:01 | Create | Villager (Male) |
| 8:11 | Build | House |
| 8:51 | Create | Villager (Male) |
| 8:51 | Create | Villager (Male) |
| 8:59 | Build | Palisade Wall |
| 9:01 | Build | Palisade Wall |
| 9:47 | Create | Villager (Male) |
| 9:47 | Create | Villager (Male) |
| 9:58 | Build | Farm |
| 10:09 | Build | Mining Camp |
| 10:35 | Build | Dock |
| 10:41 | Build | House |
| 11:06 | Build | Barracks |
| 11:14 | Create | Villager (Male) |
| 11:14 | Create | Villager (Male) |
| 11:38 | Build | House |
| 11:46 | Build | Palisade Wall |
| 11:48 | Build | Palisade Wall |
| 11:59 | Research | Feudal Age |
| 12:11 | Create | Fishing Ship |
| 12:12 | Create | Fishing Ship |
| 12:12 | Create | Fishing Ship |
| 12:59 | Build | Palisade Wall |
| 13:04 | Build | Building 804 |
| 13:35 | Build | Mining Camp |
| 13:43 | Build | Farm |
| 13:45 | Build | Farm |
| 13:46 | Build | Farm |
| 14:03 | Build | House |
| 14:14 | Age | Feudal Age |
| 14:19 | Create | Villager (Male) |
| 14:20 | Create | Villager (Male) |
| 14:25 | Build | Farm |
| 14:46 | Build | Stable |
| 14:58 | Build | Lumber Camp |
| 15:17 | Build | Market |
| 15:30 | Build | Farm |
| 15:57 | Create | Villager (Male) |
| 15:57 | Create | Villager (Male) |
| 16:21 | Build | Blacksmith |
| 16:26 | Build | Palisade Wall |
| 17:10 | Build | Palisade Wall |
| 17:18 | Build | Building 490 |
| 17:44 | Build | Watch Tower |
| 17:57 | Build | Archery Range |
| 18:28 | Build | Watch Tower |
| 18:46 | Research | Castle Age |
| 18:46 | Research | Castle Age |
| 18:53 | Research | Fletching |
| 19:17 | Build | House |
| 19:19 | Build | House |
| 19:20 | Build | House |
| 19:22 | Build | House |
| 19:24 | Build | House |
| 19:49 | Build | Palisade Wall |
| 20:06 | Create | Skirmisher |
| 20:06 | Create | Skirmisher |
| 20:16 | Build | Watch Tower |
| 20:21 | Create | Skirmisher |
| 20:26 | Research | Padded Archer Armor |
| 21:25 | Create | Skirmisher |
| 21:26 | Age | Castle Age |
| 22:29 | Build | Lumber Camp |
| 22:41 | Build | Town Center |
| 22:50 | Research | Bodkin Arrow |
| 23:01 | Research | Double-Bit Axe |
| 23:55 | Create | Spearman |
| 23:56 | Create | Spearman |
| 24:10 | Create | Villager (Male) |
| 24:10 | Create | Villager (Male) |
| 24:11 | Create | Villager (Male) |
| 24:11 | Create | Villager (Male) |
| 24:27 | Build | Stone Wall |
| 24:33 | Build | Building 673 |
| 24:57 | Research | Forging |
| 25:53 | Build | Town Center |
| 26:07 | Research | Leather Archer Armor |
| 26:55 | Research | Wheelbarrow |
| 27:05 | Build | Town Center |
| 27:15 | Create | Villager (Male) |
| 27:15 | Create | Villager (Male) |
| 27:16 | Create | Villager (Male) |
| 27:16 | Create | Villager (Male) |
| 27:19 | Create | Villager (Male) |
| 27:20 | Create | Villager (Male) |
| 28:11 | Create | Villager (Male) |
| 28:11 | Create | Villager (Male) |
| 28:11 | Create | Villager (Male) |
| 28:33 | Research | Town Watch |
| 28:49 | Build | Siege Workshop |
| 28:54 | Build | House |
| 29:18 | Research | Tech 906 |
| 29:27 | Create | Villager (Male) |
| 29:27 | Create | Villager (Male) |
| 29:27 | Create | Villager (Male) |
| 29:28 | Create | Villager (Male) |
| 30:51 | Build | Castle |
| 30:55 | Create | Skirmisher |
| 30:55 | Create | Skirmisher |
| 31:01 | Create | Knight |
| 31:08 | Create | Villager (Male) |
| 31:09 | Create | Villager (Male) |
| 31:09 | Create | Villager (Male) |
| 31:24 | Create | Villager (Male) |
| 32:01 | Build | University |
| 32:06 | Build | House |
| 32:10 | Build | House |
| 32:29 | Build | Lumber Camp |
| 32:37 | Create | Villager (Male) |
| 32:37 | Create | Villager (Male) |
| 32:37 | Create | Villager (Male) |
| 32:38 | Create | Villager (Male) |
| 32:52 | Build | House |
| 33:03 | Create | Genoese Crossbowman ×5 |
| 33:04 | Create | Genoese Crossbowman ×5 |
| 33:04 | Create | Genoese Crossbowman ×5 |
Build order — Pulse it
First 150 of 280 actions detected
| 0:01 | Create | Villager (Male) |
| 0:01 | Create | Villager (Male) |
| 0:02 | Create | Villager (Male) |
| 0:02 | Build | House |
| 0:04 | Build | House |
| 1:23 | Create | Villager (Male) |
| 1:58 | Create | Villager (Male) |
| 2:08 | Build | Lumber Camp |
| 2:19 | Create | Villager (Male) |
| 2:52 | Create | Villager (Male) |
| 2:52 | Create | Villager (Male) |
| 3:17 | Create | Villager (Male) |
| 3:17 | Create | Villager (Male) |
| 3:23 | Build | Mill |
| 3:43 | Create | Villager (Male) |
| 4:03 | Create | Villager (Male) |
| 4:32 | Create | Villager (Male) |
| 4:51 | Create | Villager (Male) |
| 5:03 | Research | Loom |
| 5:06 | Build | House |
| 5:10 | Create | Villager (Male) |
| 5:10 | Create | Villager (Male) |
| 5:24 | Create | Villager (Male) |
| 5:24 | Create | Villager (Male) |
| 5:28 | Create | Villager (Male) |
| 5:49 | Create | Villager (Male) |
| 6:02 | Create | Villager (Male) |
| 6:03 | Create | Villager (Male) |
| 6:14 | Create | Villager (Male) |
| 6:15 | Create | Villager (Male) |
| 6:53 | Create | Villager (Male) |
| 7:08 | Build | House |
| 7:16 | Create | Villager (Male) |
| 7:50 | Build | Lumber Camp |
| 8:26 | Build | Farm |
| 8:28 | Build | Farm |
| 8:30 | Build | Farm |
| 8:35 | Create | Villager (Male) |
| 8:51 | Build | House |
| 9:13 | Build | Farm |
| 9:13 | Build | Farm |
| 9:20 | Create | Villager (Male) |
| 9:44 | Create | Villager (Male) |
| 9:57 | Build | Mining Camp |
| 10:04 | Research | Feudal Age |
| 10:20 | Build | Farm |
| 10:27 | Build | Farm |
| 11:28 | Build | Barracks |
| 11:47 | Create | Villager (Male) |
| 11:48 | Create | Villager (Male) |
| 12:00 | Build | House |
| 12:20 | Age | Feudal Age |
| 12:23 | Build | Stable |
| 12:49 | Research | Double-Bit Axe |
| 13:02 | Create | Scout Cavalry |
| 13:03 | Create | Scout Cavalry |
| 13:05 | Build | Stable |
| 13:08 | Create | Villager (Male) |
| 13:24 | Build | Farm |
| 13:33 | Create | Scout Cavalry |
| 13:37 | Create | Villager (Male) |
| 13:39 | Build | Farm |
| 13:42 | Build | House |
| 13:53 | Build | Farm |
| 13:56 | Build | Farm |
| 13:56 | Build | Farm |
| 14:00 | Create | Villager (Male) |
| 14:02 | Research | Horse Collar |
| 14:10 | Create | Scout Cavalry |
| 14:11 | Create | Scout Cavalry |
| 14:20 | Build | Farm |
| 14:34 | Create | Villager (Male) |
| 14:39 | Build | Farm |
| 14:51 | Build | Farm |
| 14:56 | Build | Farm |
| 14:58 | Create | Villager (Male) |
| 15:10 | Build | Farm |
| 15:12 | Create | Villager (Male) |
| 15:14 | Create | Scout Cavalry |
| 15:15 | Create | Scout Cavalry |
| 15:36 | Build | Farm |
| 15:39 | Build | Farm |
| 15:41 | Build | Farm |
| 15:43 | Create | Villager (Male) |
| 15:47 | Create | Scout Cavalry |
| 15:47 | Create | Scout Cavalry |
| 15:52 | Build | House |
| 16:08 | Research | Wheelbarrow |
| 16:22 | Build | Farm |
| 16:25 | Build | House |
| 17:00 | Build | Market |
| 17:02 | Build | House |
| 17:26 | Create | Villager (Male) |
| 17:28 | Create | Villager (Male) |
| 17:53 | Create | Villager (Male) |
| 17:56 | Build | Farm |
| 18:08 | Create | Villager (Male) |
| 18:40 | Create | Villager (Male) |
| 18:43 | Build | Farm |
| 18:45 | Build | House |
| 18:49 | Research | Castle Age |
| 19:06 | Build | Mill |
| 19:08 | Build | Farm |
| 19:10 | Create | Villager (Male) |
| 19:11 | Build | Farm |
| 19:16 | Research | Bloodlines |
| 19:33 | Build | Farm |
| 20:17 | Build | Blacksmith |
| 20:36 | Research | Gold Mining |
| 21:46 | Age | Castle Age |
| 21:54 | Create | Knight ×3 |
| 21:56 | Research | Scale Barding Armor |
| 22:05 | Build | Town Center |
| 22:20 | Create | Villager (Male) |
| 22:21 | Create | Villager (Male) |
| 22:25 | Research | Husbandry |
| 22:26 | Create | Knight |
| 22:32 | Create | Knight ×2 |
| 22:32 | Create | Knight ×2 |
| 22:52 | Create | Villager (Male) |
| 22:56 | Research | Bow Saw |
| 22:57 | Research | Gold Shaft Mining |
| 22:58 | Research | Heavy Plow |
| 23:30 | Create | Villager (Male) |
| 23:30 | Create | Villager (Male) |
| 23:30 | Create | Villager (Male) |
| 24:04 | Create | Knight ×4 |
| 24:04 | Create | Knight ×4 |
| 24:14 | Create | Knight ×2 |
| 24:14 | Create | Knight ×2 |
| 24:25 | Create | Villager (Male) ×2 |
| 24:40 | Create | Knight |
| 25:15 | Create | Villager (Male) ×5 |
| 25:31 | Build | Town Center |
| 25:36 | Create | Knight ×3 |
| 25:36 | Create | Knight ×3 |
| 25:40 | Create | Knight |
| 25:53 | Build | House |
| 25:54 | Build | House |
| 25:54 | Build | House |
| 26:22 | Create | Villager (Male) ×5 |
| 26:35 | Research | Chain Barding Armor |
| 26:58 | Build | Lumber Camp |
| 27:00 | Create | Villager (Male) ×5 |
| 27:28 | Research | Town Watch |
| 27:29 | Create | Villager (Male) ×3 |
| 27:55 | Create | Villager (Male) ×4 |
| 27:59 | Build | Farm |
| 28:00 | Build | Farm |
| 28:03 | Build | Farm |
Build order — jhona0763
60 actions detected in the replay
| 0:24 | Create | Villager (Male) |
| 1:06 | Build | House |
| 1:34 | Build | Lumber Camp |
| 4:40 | Create | Villager (Male) |
| 4:41 | Create | Villager (Male) |
| 4:41 | Create | Villager (Male) |
| 4:41 | Create | Villager (Male) |
| 4:41 | Create | Villager (Male) |
| 4:42 | Create | Villager (Male) |
| 6:48 | Build | House |
| 8:28 | Build | Lumber Camp |
| 8:55 | Create | Villager (Male) |
| 8:56 | Create | Villager (Male) |
| 8:56 | Create | Villager (Male) |
| 8:57 | Create | Villager (Male) |
| 10:10 | Build | Mill |
| 11:05 | Build | Farm |
| 11:10 | Build | Farm |
| 11:15 | Build | Farm |
| 12:07 | Build | Palisade Wall |
| 12:33 | Build | Palisade Wall |
| 13:21 | Research | Feudal Age |
| 14:13 | Build | Barracks |
| 15:10 | Build | Farm |
| 15:16 | Build | Mining Camp |
| 15:24 | Build | Farm |
| 15:25 | Age | Feudal Age |
| 15:31 | Research | Wheelbarrow |
| 16:06 | Create | Villager (Male) |
| 17:15 | Build | House |
| 18:14 | Build | Watch Tower |
| 20:23 | Research | Man-at-Arms (upgrade) |
| 20:23 | Create | Spearman |
| 20:24 | Create | Spearman |
| 20:24 | Create | Spearman |
| 20:24 | Create | Spearman |
| 20:26 | Create | Spearman |
| 22:28 | Create | Militia |
| 30:19 | Build | Stable |
| 31:51 | Build | Lumber Camp |
| 33:21 | Build | Mining Camp |
| 34:16 | Build | Farm |
| 34:37 | Create | Villager (Male) |
| 34:37 | Create | Villager (Male) |
| 34:37 | Create | Villager (Male) |
| 34:37 | Create | Villager (Male) |
| 34:38 | Create | Villager (Male) |
| 34:38 | Create | Villager (Male) |
| 35:14 | Research | Loom |
| 35:23 | Build | Farm |
| 36:49 | Build | Market |
| 37:02 | Create | Scout Cavalry |
| 37:03 | Create | Scout Cavalry |
| 37:03 | Create | Scout Cavalry |
| 38:07 | Build | House |
| 39:23 | Build | House |
| 39:33 | Build | Farm |
| 39:39 | Build | Farm |
| 39:48 | Build | Farm |
| 40:44 | Build | Mining Camp |
Build order — RicH33
First 150 of 374 actions detected
| 0:01 | Create | Villager (Male) |
| 0:01 | Create | Villager (Male) |
| 0:01 | Create | Villager (Male) |
| 0:02 | Create | Villager (Male) |
| 0:03 | Build | House |
| 0:06 | Build | House |
| 1:18 | Create | Villager (Male) |
| 1:19 | Create | Villager (Male) |
| 1:48 | Build | Lumber Camp |
| 1:52 | Create | Villager (Male) |
| 2:21 | Create | Villager (Male) |
| 2:21 | Create | Villager (Male) |
| 2:48 | Create | Villager (Male) |
| 2:49 | Create | Villager (Male) |
| 3:14 | Create | Villager (Male) |
| 3:14 | Create | Villager (Male) |
| 3:41 | Create | Villager (Male) |
| 3:41 | Create | Villager (Male) |
| 4:04 | Create | Villager (Male) |
| 4:08 | Build | House |
| 4:23 | Create | Villager (Male) |
| 4:24 | Create | Villager (Male) |
| 4:46 | Build | House |
| 5:02 | Create | Villager (Male) |
| 5:03 | Create | Villager (Male) |
| 5:20 | Create | Villager (Male) |
| 5:20 | Create | Villager (Male) |
| 5:34 | Build | Dock |
| 5:47 | Create | Villager (Male) |
| 5:47 | Create | Villager (Male) |
| 6:16 | Create | Villager (Male) |
| 6:17 | Create | Villager (Male) |
| 6:30 | Build | Palisade Wall |
| 6:45 | Build | Palisade Wall |
| 6:52 | Create | Villager (Male) |
| 6:52 | Create | Villager (Male) |
| 6:53 | Create | Villager (Male) |
| 7:10 | Create | Villager (Male) |
| 7:11 | Create | Fishing Ship |
| 7:11 | Create | Fishing Ship |
| 7:22 | Create | Villager (Male) |
| 7:35 | Create | Villager (Male) |
| 7:35 | Create | Villager (Male) |
| 7:41 | Build | Dock |
| 8:01 | Create | Villager (Male) |
| 8:04 | Build | House |
| 8:13 | Build | House |
| 8:25 | Build | House |
| 9:03 | Create | Villager (Male) |
| 9:03 | Create | Villager (Male) |
| 9:05 | Create | Fishing Ship |
| 9:05 | Create | Fishing Ship |
| 9:26 | Create | Villager (Male) |
| 9:51 | Build | Lumber Camp |
| 10:02 | Create | Villager (Male) |
| 10:05 | Create | Fishing Ship |
| 10:05 | Create | Fishing Ship |
| 10:30 | Create | Fishing Ship |
| 10:30 | Create | Fishing Ship |
| 10:33 | Create | Villager (Male) |
| 10:51 | Create | Fishing Ship |
| 11:05 | Build | Mining Camp |
| 11:07 | Create | Villager (Male) |
| 11:13 | Create | Fishing Ship |
| 11:13 | Create | Fishing Ship |
| 11:16 | Create | Villager (Male) |
| 11:27 | Create | Fishing Ship |
| 11:27 | Create | Fishing Ship |
| 11:42 | Build | Mill |
| 12:09 | Create | Fishing Ship |
| 12:09 | Create | Fishing Ship |
| 12:10 | Create | Fishing Ship |
| 12:10 | Create | Fishing Ship |
| 12:10 | Create | Villager (Male) |
| 12:10 | Create | Villager (Male) |
| 12:18 | Build | House |
| 12:22 | Build | House |
| 12:32 | Research | Loom |
| 12:39 | Create | Villager (Male) |
| 12:44 | Build | House |
| 12:46 | Build | House |
| 13:12 | Create | Fishing Ship |
| 13:13 | Create | Fishing Ship |
| 13:13 | Create | Fishing Ship |
| 13:13 | Create | Villager (Male) |
| 13:14 | Create | Villager (Male) |
| 13:17 | Build | House |
| 13:21 | Build | Palisade Wall |
| 13:32 | Build | Palisade Wall |
| 13:38 | Build | House |
| 13:45 | Create | Villager (Male) |
| 13:48 | Create | Fishing Ship |
| 13:57 | Build | Palisade Wall |
| 14:05 | Build | Palisade Wall |
| 14:08 | Build | Palisade Wall |
| 14:12 | Build | Palisade Wall |
| 14:15 | Create | Villager (Male) |
| 14:16 | Create | Fishing Ship |
| 14:17 | Create | Fishing Ship |
| 14:27 | Build | Palisade Wall |
| 14:30 | Build | Palisade Wall |
| 14:37 | Create | Villager (Male) |
| 14:56 | Build | House |
| 15:03 | Build | Palisade Wall |
| 15:16 | Create | Villager (Male) |
| 15:17 | Create | Fishing Ship |
| 15:17 | Create | Fishing Ship |
| 15:50 | Build | Palisade Gate |
| 15:55 | Build | Farm |
| 15:57 | Research | Feudal Age |
| 16:02 | Build | Farm |
| 16:02 | Build | Farm |
| 16:03 | Build | Farm |
| 16:03 | Build | Farm |
| 16:11 | Build | Farm |
| 16:20 | Build | Farm |
| 16:36 | Build | Farm |
| 16:50 | Create | Fishing Ship ×5 |
| 17:15 | Age | Feudal Age |
| 17:23 | Build | Blacksmith |
| 17:28 | Build | Market |
| 17:33 | Research | Double-Bit Axe |
| 17:34 | Create | Villager (Male) |
| 17:34 | Create | Villager (Male) |
| 17:52 | Research | Tech 906 |
| 18:12 | Create | Unit 2626 |
| 18:22 | Create | Unit 2626 |
| 18:35 | Build | Mining Camp |
| 18:46 | Research | Castle Age |
| 18:54 | Build | Barracks |
| 19:05 | Research | Horse Collar |
| 19:11 | Create | Fishing Ship ×4 |
| 19:30 | Build | Lumber Camp |
| 19:54 | Build | Stable |
| 20:12 | Build | Stable |
| 20:20 | Build | Palisade Wall |
| 20:22 | Age | Castle Age |
| 20:25 | Create | Villager (Male) |
| 20:29 | Research | Bow Saw |
| 20:33 | Research | Scale Barding Armor |
| 20:35 | Research | Forging |
| 20:43 | Create | Knight ×3 |
| 21:02 | Build | Stable |
| 21:08 | Research | Husbandry |
| 21:27 | Create | Villager (Male) |
| 21:27 | Create | Villager (Male) |
| 21:28 | Create | Villager (Male) |
| 21:38 | Build | Town Center |
| 21:40 | Create | Villager (Male) |
| 21:53 | Build | Farm |
Build order — OSW-Sim-Sports
First 150 of 321 actions detected
| 0:06 | Research | Loom |
| 1:20 | Create | Villager (Male) |
| 1:21 | Create | Villager (Male) |
| 1:52 | Create | Villager (Male) |
| 1:52 | Create | Villager (Male) |
| 2:24 | Create | Villager (Male) |
| 2:24 | Create | Villager (Male) |
| 2:26 | Build | Lumber Camp |
| 2:42 | Create | Villager (Male) |
| 2:42 | Create | Villager (Male) |
| 3:17 | Create | Villager (Male) |
| 3:17 | Create | Villager (Male) |
| 3:28 | Build | House |
| 3:45 | Build | House |
| 4:08 | Create | Villager (Male) |
| 4:08 | Create | Villager (Male) |
| 4:08 | Create | Villager (Male) |
| 4:28 | Build | Palisade Wall |
| 4:34 | Create | Villager (Male) |
| 4:45 | Build | Palisade Wall |
| 4:46 | Build | Palisade Wall |
| 5:24 | Create | Villager (Male) |
| 5:36 | Build | Palisade Wall |
| 5:40 | Build | Palisade Wall |
| 5:41 | Build | Palisade Wall |
| 5:43 | Build | Palisade Wall |
| 5:48 | Create | Villager (Male) |
| 6:11 | Build | Mill |
| 6:18 | Build | Palisade Wall |
| 6:46 | Create | Villager (Male) |
| 6:47 | Create | Villager (Male) |
| 7:03 | Create | Villager (Male) |
| 7:03 | Create | Villager (Male) |
| 7:04 | Create | Villager (Male) |
| 7:11 | Build | Palisade Wall |
| 7:32 | Create | Villager (Male) |
| 8:10 | Build | Mining Camp |
| 8:24 | Create | Villager (Male) |
| 8:48 | Create | Villager (Male) |
| 9:00 | Build | Farm |
| 9:02 | Create | Villager (Male) |
| 9:07 | Build | Farm |
| 9:20 | Build | Farm |
| 9:24 | Create | Villager (Male) |
| 9:30 | Build | House |
| 9:45 | Build | Farm |
| 10:07 | Build | Farm |
| 10:11 | Build | Farm |
| 10:15 | Build | Farm |
| 10:17 | Build | Farm |
| 10:20 | Build | Farm |
| 10:28 | Build | House |
| 10:43 | Research | Feudal Age |
| 10:43 | Research | Feudal Age |
| 11:02 | Build | House |
| 11:03 | Build | House |
| 11:25 | Build | Lumber Camp |
| 12:06 | Build | Barracks |
| 12:29 | Build | Palisade Wall |
| 12:30 | Build | Palisade Wall |
| 12:31 | Build | Palisade Wall |
| 12:34 | Build | Palisade Wall |
| 12:36 | Build | Palisade Wall |
| 12:53 | Age | Feudal Age |
| 12:54 | Create | Villager (Male) |
| 12:55 | Create | Villager (Male) |
| 13:01 | Build | Archery Range |
| 13:38 | Build | Blacksmith |
| 13:41 | Build | House |
| 14:06 | Create | Archer |
| 14:06 | Create | Archer |
| 14:13 | Create | Archer |
| 14:23 | Build | House |
| 14:25 | Build | House |
| 14:33 | Create | Villager (Male) |
| 14:34 | Create | Villager (Male) |
| 14:39 | Build | Farm |
| 14:44 | Research | Fletching |
| 14:52 | Research | Double-Bit Axe |
| 14:56 | Research | Wheelbarrow |
| 15:06 | Research | Horse Collar |
| 15:06 | Research | Horse Collar |
| 15:12 | Build | House |
| 15:24 | Build | Farm |
| 15:35 | Build | Farm |
| 15:40 | Create | Archer |
| 15:45 | Create | Villager (Male) |
| 15:46 | Create | Villager (Male) |
| 15:53 | Create | Villager (Male) |
| 15:57 | Build | House |
| 16:06 | Build | House |
| 16:07 | Build | House |
| 16:25 | Create | Villager (Male) |
| 16:31 | Create | Archer |
| 16:33 | Create | Archer |
| 17:00 | Create | Archer |
| 17:05 | Build | Archery Range |
| 17:18 | Build | Watch Tower |
| 17:24 | Build | Farm |
| 17:27 | Create | Villager (Male) |
| 17:34 | Research | Gold Mining |
| 17:45 | Create | Archer |
| 17:45 | Create | Archer |
| 17:53 | Build | Farm |
| 17:56 | Create | Villager (Male) |
| 18:08 | Build | House |
| 18:10 | Build | House |
| 18:11 | Build | House |
| 18:15 | Build | Stone Wall |
| 18:20 | Create | Archer |
| 18:21 | Create | Archer |
| 18:32 | Build | Building 487 |
| 18:37 | Build | Farm |
| 18:45 | Create | Archer |
| 18:45 | Create | Archer |
| 18:57 | Create | Villager (Male) |
| 18:57 | Create | Villager (Male) |
| 19:00 | Build | Mining Camp |
| 19:38 | Build | Mining Camp |
| 19:57 | Create | Archer |
| 19:58 | Create | Archer |
| 19:58 | Create | Archer |
| 20:21 | Build | Farm |
| 20:21 | Build | Farm |
| 20:21 | Build | Farm |
| 20:22 | Build | Farm |
| 20:22 | Build | Farm |
| 20:22 | Build | Farm |
| 20:54 | Create | Villager (Male) |
| 21:42 | Create | Skirmisher |
| 21:42 | Create | Skirmisher |
| 21:42 | Create | Skirmisher |
| 21:43 | Create | Skirmisher |
| 21:43 | Create | Skirmisher |
| 21:53 | Build | Palisade Wall |
| 22:18 | Create | Villager (Male) |
| 22:18 | Create | Villager (Male) |
| 22:21 | Research | Castle Age |
| 22:21 | Research | Castle Age |
| 22:29 | Create | Archer |
| 22:29 | Create | Archer |
| 22:29 | Create | Archer |
| 22:46 | Build | Farm |
| 22:47 | Build | Farm |
| 22:48 | Build | Farm |
| 22:48 | Build | Farm |
| 22:48 | Build | Farm |
| 22:54 | Build | Farm |
| 23:03 | Create | Archer |
| 23:04 | Create | Archer |
Build order — agr
First 150 of 213 actions detected
| 0:03 | Create | Villager (Male) |
| 0:05 | Build | House |
| 0:07 | Build | House |
| 0:31 | Create | Villager (Male) |
| 0:31 | Create | Villager (Male) |
| 1:21 | Create | Villager (Male) |
| 1:21 | Create | Villager (Male) |
| 1:43 | Create | Villager (Male) |
| 2:06 | Create | Villager (Male) |
| 2:32 | Create | Villager (Male) |
| 2:51 | Create | Villager (Male) |
| 3:22 | Create | Villager (Male) |
| 3:44 | Create | Villager (Male) |
| 3:55 | Build | House |
| 4:02 | Create | Villager (Male) |
| 4:13 | Create | Villager (Male) |
| 4:23 | Build | Lumber Camp |
| 4:26 | Create | Villager (Male) |
| 4:35 | Create | Villager (Male) |
| 5:12 | Create | Villager (Male) |
| 5:41 | Build | House |
| 5:49 | Create | Villager (Male) |
| 6:03 | Build | House |
| 6:44 | Build | Mill |
| 6:49 | Create | Villager (Male) |
| 7:11 | Create | Villager (Male) |
| 7:36 | Create | Villager (Male) |
| 7:44 | Build | Farm |
| 7:48 | Build | Farm |
| 8:00 | Create | Villager (Male) |
| 8:30 | Research | Feudal Age |
| 8:39 | Build | Farm |
| 8:42 | Build | Farm |
| 8:43 | Build | Farm |
| 9:15 | Build | Mining Camp |
| 9:45 | Create | Villager (Male) |
| 10:40 | Age | Feudal Age |
| 10:45 | Research | Wheelbarrow |
| 10:50 | Research | Double-Bit Axe |
| 10:56 | Build | Blacksmith |
| 11:05 | Create | Villager (Male) |
| 11:12 | Build | Farm |
| 11:38 | Build | Market |
| 11:45 | Build | Farm |
| 11:45 | Build | Farm |
| 12:14 | Research | Loom |
| 12:50 | Create | Villager (Male) |
| 13:04 | Create | Villager (Male) |
| 13:10 | Build | Mining Camp |
| 13:29 | Build | Farm |
| 13:47 | Build | House |
| 13:54 | Build | Farm |
| 13:58 | Create | Villager (Male) |
| 14:03 | Build | House |
| 14:10 | Build | Palisade Wall |
| 14:16 | Build | Building 804 |
| 14:29 | Create | Villager (Male) |
| 14:31 | Build | Farm |
| 14:41 | Build | Farm |
| 14:53 | Create | Villager (Male) |
| 15:15 | Build | Farm |
| 15:18 | Build | House |
| 15:19 | Build | House |
| 15:21 | Create | Villager (Male) |
| 15:46 | Create | Villager (Male) |
| 15:58 | Build | House |
| 16:01 | Build | House |
| 16:11 | Build | Palisade Wall |
| 16:22 | Build | Building 796 |
| 16:32 | Create | Villager (Male) |
| 16:34 | Research | Castle Age |
| 16:45 | Build | Lumber Camp |
| 16:51 | Build | House |
| 17:00 | Build | Building 800 |
| 17:50 | Build | House |
| 17:52 | Build | House |
| 18:14 | Build | Barracks |
| 18:25 | Create | Villager (Male) |
| 18:49 | Create | Spearman |
| 19:11 | Create | Spearman |
| 19:31 | Create | Spearman |
| 19:33 | Create | Spearman |
| 19:37 | Age | Castle Age |
| 19:41 | Research | Bow Saw |
| 20:01 | Create | Villager (Male) |
| 20:20 | Build | Town Center |
| 20:26 | Create | Villager (Male) |
| 20:53 | Create | Villager (Male) |
| 20:57 | Build | Farm |
| 21:17 | Build | Palisade Wall |
| 21:22 | Build | Palisade Gate |
| 21:23 | Build | House |
| 21:26 | Create | Villager (Male) |
| 21:30 | Create | Villager (Male) |
| 21:46 | Create | Villager (Male) |
| 22:04 | Build | Monastery |
| 22:19 | Create | Villager (Male) |
| 22:23 | Create | Villager (Male) |
| 22:47 | Research | Fervor |
| 22:59 | Build | Lumber Camp |
| 23:06 | Create | Villager (Male) |
| 23:23 | Create | Villager (Male) |
| 23:25 | Create | Villager (Male) |
| 23:32 | Create | Villager (Male) |
| 23:36 | Research | Sanctity |
| 24:09 | Create | Monk |
| 24:11 | Research | Town Watch |
| 24:11 | Create | Villager (Male) |
| 24:25 | Build | University |
| 24:41 | Create | Monk |
| 25:07 | Build | Outpost |
| 25:10 | Create | Villager (Male) |
| 25:18 | Research | Hand Cart |
| 25:29 | Build | Farm |
| 25:30 | Build | Farm |
| 26:04 | Build | Town Center |
| 26:08 | Build | Farm |
| 26:14 | Create | Villager (Male) |
| 26:14 | Create | Villager (Male) |
| 26:39 | Build | Castle |
| 26:56 | Research | Pikeman (upgrade) |
| 27:00 | Create | Monk |
| 27:29 | Research | Ballistics |
| 27:35 | Create | Villager (Male) |
| 28:18 | Create | Spearman |
| 28:41 | Research | Imperial Age |
| 28:56 | Create | Spearman |
| 29:08 | Create | Villager (Male) |
| 29:08 | Create | Villager (Male) |
| 29:12 | Build | Farm |
| 29:30 | Create | Villager (Male) |
| 29:31 | Create | Villager (Male) |
| 29:59 | Build | Castle |
| 30:07 | Create | Villager (Male) |
| 30:17 | Research | Chemistry |
| 30:20 | Research | Padded Archer Armor |
| 30:23 | Research | Fletching |
| 30:25 | Create | Villager (Male) |
| 30:25 | Create | Villager (Male) |
| 30:43 | Create | Villager (Male) |
| 31:26 | Build | Town Center |
| 31:31 | Build | House |
| 31:32 | Create | Villager (Male) |
| 31:48 | Build | House |
| 31:51 | Age | Imperial Age |
| 32:06 | Create | Villager (Male) |
| 32:07 | Create | Villager (Male) |
| 32:09 | Build | Farm |
| 32:28 | Create | Spearman |
| 32:29 | Create | Spearman |
Build order — Depart
First 150 of 473 actions detected
| 0:02 | Build | House |
| 0:04 | Build | House |
| 0:04 | Research | Loom |
| 0:05 | Create | Villager (Male) |
| 0:05 | Create | Villager (Male) |
| 0:05 | Create | Villager (Male) |
| 0:05 | Create | Villager (Male) |
| 1:33 | Create | Villager (Male) |
| 1:34 | Create | Villager (Male) |
| 2:05 | Create | Villager (Male) |
| 2:05 | Create | Villager (Male) |
| 2:05 | Create | Villager (Male) |
| 2:25 | Create | Villager (Male) |
| 2:26 | Create | Villager (Male) |
| 2:40 | Build | Lumber Camp |
| 2:59 | Create | Villager (Male) |
| 2:59 | Create | Villager (Male) |
| 3:16 | Create | Villager (Male) |
| 3:16 | Create | Villager (Male) |
| 3:46 | Create | Villager (Male) |
| 3:46 | Create | Villager (Male) |
| 3:53 | Build | House |
| 4:14 | Create | Villager (Male) |
| 4:14 | Create | Villager (Male) |
| 4:18 | Build | Mill |
| 4:38 | Create | Villager (Male) |
| 4:38 | Create | Villager (Male) |
| 4:42 | Build | House |
| 5:02 | Create | Villager (Male) |
| 5:02 | Create | Villager (Male) |
| 5:22 | Build | Mill |
| 5:28 | Create | Villager (Male) |
| 5:28 | Create | Villager (Male) |
| 5:28 | Create | Villager (Male) |
| 5:50 | Create | Villager (Male) |
| 5:50 | Create | Villager (Male) |
| 5:51 | Create | Villager (Male) |
| 6:16 | Create | Villager (Male) |
| 6:16 | Create | Villager (Male) |
| 6:36 | Create | Villager (Male) |
| 6:43 | Build | Mining Camp |
| 6:56 | Create | Villager (Male) |
| 7:08 | Create | Villager (Male) |
| 7:24 | Create | Villager (Male) |
| 8:55 | Research | Feudal Age |
| 8:55 | Research | Feudal Age |
| 8:55 | Research | Feudal Age |
| 9:51 | Create | Villager (Male) |
| 9:52 | Create | Villager (Male) |
| 10:16 | Build | Lumber Camp |
| 11:05 | Age | Feudal Age |
| 11:10 | Build | Blacksmith |
| 11:23 | Build | Market |
| 13:11 | Research | Castle Age |
| 13:11 | Research | Castle Age |
| 13:34 | Build | House |
| 13:41 | Build | Farm |
| 13:42 | Build | Farm |
| 13:45 | Build | Farm |
| 13:47 | Build | Farm |
| 13:56 | Build | Farm |
| 13:59 | Build | Farm |
| 15:04 | Research | Double-Bit Axe |
| 15:04 | Research | Double-Bit Axe |
| 15:32 | Create | Villager (Male) |
| 15:32 | Create | Villager (Male) |
| 15:50 | Build | House |
| 15:51 | Age | Castle Age |
| 16:00 | Build | Monastery |
| 16:08 | Create | Villager (Male) |
| 16:24 | Build | House |
| 16:25 | Build | House |
| 16:26 | Build | House |
| 16:27 | Build | House |
| 16:34 | Create | Monk |
| 16:44 | Build | Town Center |
| 16:59 | Build | Town Center |
| 17:05 | Research | Bow Saw |
| 17:05 | Research | Bow Saw |
| 17:09 | Create | Villager (Male) |
| 17:09 | Create | Villager (Male) |
| 17:09 | Create | Villager (Male) |
| 17:17 | Build | House |
| 17:22 | Build | Palisade Wall |
| 17:25 | Build | Building 804 |
| 17:29 | Build | House |
| 17:30 | Build | House |
| 17:36 | Build | Farm |
| 17:40 | Create | Villager (Male) |
| 17:40 | Create | Villager (Male) |
| 18:05 | Create | Villager (Male) |
| 18:05 | Create | Villager (Male) |
| 18:07 | Build | Farm |
| 18:34 | Create | Villager (Male) |
| 18:34 | Create | Villager (Male) |
| 18:34 | Create | Villager (Male) |
| 18:36 | Create | Villager (Male) |
| 18:37 | Build | Farm |
| 18:47 | Build | House |
| 18:50 | Build | House |
| 19:01 | Build | Farm |
| 19:15 | Create | Villager (Male) |
| 19:27 | Build | Farm |
| 19:28 | Create | Villager (Male) |
| 19:46 | Build | University |
| 19:47 | Create | Villager (Male) |
| 19:52 | Build | Farm |
| 19:54 | Create | Villager (Male) |
| 19:58 | Build | Farm |
| 20:10 | Create | Villager (Male) |
| 20:16 | Build | Farm |
| 20:17 | Create | Villager (Male) |
| 20:29 | Build | Farm |
| 20:43 | Build | Farm |
| 20:44 | Create | Villager (Male) |
| 20:45 | Create | Villager (Male) |
| 20:48 | Build | Farm |
| 20:51 | Build | Farm |
| 20:52 | Create | Villager (Male) |
| 21:01 | Build | Farm |
| 21:10 | Create | Villager (Male) |
| 21:11 | Build | Farm |
| 21:15 | Build | Farm |
| 21:15 | Create | Villager (Male) |
| 21:24 | Build | Farm |
| 21:25 | Create | Villager (Male) |
| 21:37 | Create | Villager (Male) |
| 21:39 | Build | Farm |
| 21:44 | Build | House |
| 21:45 | Build | House |
| 21:50 | Create | Villager (Male) |
| 21:53 | Build | Farm |
| 21:59 | Research | Wheelbarrow |
| 21:59 | Research | Wheelbarrow |
| 22:00 | Research | Wheelbarrow |
| 22:02 | Build | Farm |
| 22:06 | Build | Farm |
| 22:08 | Create | Villager (Male) |
| 22:17 | Build | Farm |
| 22:26 | Create | Villager (Male) |
| 22:28 | Create | Villager (Male) |
| 22:32 | Build | House |
| 22:34 | Build | House |
| 22:38 | Build | Farm |
| 22:43 | Create | Villager (Male) |
| 22:44 | Create | Villager (Male) |
| 22:54 | Build | Farm |
| 22:55 | Create | Villager (Male) |
| 23:01 | Build | Farm |
| 23:03 | Create | Villager (Male) |
Match timeline
| 4:28 | OSW-Sim-Sports · wall_segment Palisade Wall x13 |
| 4:45 | OSW-Sim-Sports · wall_segment Palisade Wall x5 |
| 4:46 | OSW-Sim-Sports · wall_segment Palisade Wall x1 |
| 5:34 | RicH33 · first_building Dock |
| 5:36 | OSW-Sim-Sports · wall_segment Palisade Wall x1 |
| 5:40 | OSW-Sim-Sports · wall_segment Palisade Wall x1 |
| 5:41 | OSW-Sim-Sports · wall_segment Palisade Wall x1 |
| 5:43 | OSW-Sim-Sports · wall_segment Palisade Wall x1 |
| 6:18 | OSW-Sim-Sports · wall_segment Palisade Wall x3 |
| 6:30 | RicH33 · wall_segment Palisade Wall x1 |
| 6:45 | RicH33 · wall_segment Palisade Wall x3 |
| 7:11 | OSW-Sim-Sports · wall_segment Palisade Wall x19 |
| 8:59 | PilotePSP · wall_segment Palisade Wall x1 |
| 9:01 | PilotePSP · wall_segment Palisade Wall x1 |
| 9:41 | PL-Maciej · first_building Barracks |
| 10:35 | PilotePSP · first_building Dock |
| 10:40 | agr · age_up feudal |
| 10:59 | PL-Maciej · age_up feudal |
| 11:05 | Depart · age_up feudal |
| 11:06 | PilotePSP · first_building Barracks |
| 11:07 | PL-Maciej · first_building Archery Range |
| 11:10 | PL-Maciej · wall_segment Palisade Wall x1 |
| 11:28 | Pulse it · first_building Barracks |
| 11:46 | PilotePSP · wall_segment Palisade Wall x5 |
| 11:48 | PilotePSP · wall_segment Palisade Wall x4 |
| 12:06 | OSW-Sim-Sports · first_building Barracks |
| 12:07 | jhona0763 · wall_segment Palisade Wall x2 |
| 12:20 | Pulse it · age_up feudal |
| 12:23 | Pulse it · first_building Stable |
| 12:27 | PL-Maciej · wall_segment Palisade Wall x5 |
| 12:29 | OSW-Sim-Sports · wall_segment Palisade Wall x1 |
| 12:30 | OSW-Sim-Sports · wall_segment Palisade Wall x1 |
| 12:31 | OSW-Sim-Sports · wall_segment Palisade Wall x1 |
| 12:33 | jhona0763 · wall_segment Palisade Wall x26 |
| 12:34 | OSW-Sim-Sports · wall_segment Palisade Wall x1 |
| 12:36 | OSW-Sim-Sports · wall_segment Palisade Wall x1 |
| 12:38 | Depart · first_market_buy 100 food |
| 12:47 | Depart · first_market_sell 100 wood |
| 12:53 | OSW-Sim-Sports · age_up feudal |
| 12:59 | PilotePSP · wall_segment Palisade Wall x9 |
| 13:01 | OSW-Sim-Sports · first_building Archery Range |
| 13:21 | RicH33 · wall_segment Palisade Wall x8 |
| 13:32 | RicH33 · wall_segment Palisade Wall x9 |
| 13:40 | PL-Maciej · wall_segment Palisade Wall x1 |
| 13:40 | PL-Maciej · wall_segment Palisade Wall x1 |
| 13:41 | PL-Maciej · wall_segment Palisade Wall x1 |
| 13:42 | PL-Maciej · wall_segment Palisade Wall x1 |
| 13:43 | PL-Maciej · wall_segment Palisade Wall x1 |
| 13:45 | PL-Maciej · wall_segment Palisade Wall x1 |
| 13:46 | PL-Maciej · wall_segment Palisade Wall x1 |
| 13:47 | PL-Maciej · wall_segment Palisade Wall x1 |
| 13:48 | PL-Maciej · wall_segment Palisade Wall x1 |
| 13:49 | PL-Maciej · wall_segment Palisade Wall x1 |
| 13:57 | RicH33 · wall_segment Palisade Wall x4 |
| 14:05 | RicH33 · wall_segment Palisade Wall x1 |
| 14:08 | RicH33 · wall_segment Palisade Wall x1 |
| 14:10 | agr · wall_segment Palisade Wall x4 |
| 14:12 | RicH33 · wall_segment Palisade Wall x6 |
| 14:13 | jhona0763 · first_building Barracks |
| 14:14 | PilotePSP · age_up feudal |
| 14:27 | RicH33 · wall_segment Palisade Wall x4 |
| 14:30 | RicH33 · wall_segment Palisade Wall x13 |
| 14:46 | PilotePSP · first_building Stable |
| 15:03 | RicH33 · wall_segment Palisade Wall x6 |
| 15:25 | jhona0763 · age_up feudal |
| 15:51 | Depart · age_up castle |
| 16:00 | Depart · first_building Monastery |
| 16:11 | agr · wall_segment Palisade Wall x5 |
| 16:26 | PilotePSP · wall_segment Palisade Wall x1 |
| 16:55 | PL-Maciej · wall_segment Palisade Wall x22 |
| 17:10 | PilotePSP · wall_segment Palisade Wall x6 |
| 17:15 | RicH33 · age_up feudal |
| 17:22 | Depart · wall_segment Palisade Wall x5 |
| 17:57 | PilotePSP · first_building Archery Range |
| 18:14 | agr · first_building Barracks |
| 18:15 | OSW-Sim-Sports · wall_segment Stone Wall x1 |
| 18:43 | RicH33 · first_market_buy 100 food |
| 18:54 | RicH33 · first_building Barracks |
| 19:37 | agr · age_up castle |
| 19:49 | PilotePSP · wall_segment Palisade Wall x3 |
| 19:54 | RicH33 · first_building Stable |
| 20:20 | RicH33 · wall_segment Palisade Wall x1 |
| 20:22 | RicH33 · age_up castle |
| 21:17 | agr · wall_segment Palisade Wall x6 |
| 21:26 | PilotePSP · age_up castle |
| 21:46 | Pulse it · age_up castle |
| 21:53 | OSW-Sim-Sports · wall_segment Palisade Wall x1 |
| 22:04 | agr · first_building Monastery |
| 22:13 | RicH33 · first_market_sell 100 food |
| 22:31 | Pulse it · first_market_sell 100 food |
| 23:14 | PL-Maciej · wall_segment Palisade Wall x4 |
| 24:27 | PilotePSP · wall_segment Stone Wall x6 |
| 24:42 | RicH33 · first_building Monastery |
| 25:01 | OSW-Sim-Sports · age_up castle |
| 26:39 | agr · first_building Castle |
| 27:03 | PL-Maciej · age_up castle |
| 27:24 | Depart · wall_segment Palisade Wall x3 |
| 28:49 | PilotePSP · first_building Siege Workshop |
| 29:09 | Depart · first_building Barracks |
| 29:42 | Depart · first_building Castle |
| 30:01 | Depart · first_building Stable |
| 30:19 | jhona0763 · first_building Stable |
| 30:23 | RicH33 · age_up imperial |
| 30:29 | PilotePSP · first_market_buy 100 stone |
| 30:35 | Pulse it · first_market_buy 100 stone |
| 30:51 | PilotePSP · first_building Castle |
| 31:14 | Depart · age_up imperial |
| 31:51 | agr · age_up imperial |
| 32:22 | Pulse it · first_building Siege Workshop |
| 32:27 | PL-Maciej · first_market_sell 100 food |
| 32:32 | PL-Maciej · first_market_buy 100 wood |
| 32:42 | RicH33 · wall_segment Palisade Wall x34 |
| 33:33 | RicH33 · wall_segment Palisade Wall x33 |
| 34:22 | PL-Maciej · wall_segment Palisade Wall x5 |
| 34:28 | PL-Maciej · wall_segment Palisade Wall x1 |
| 34:51 | OSW-Sim-Sports · first_building Monastery |
| 36:42 | OSW-Sim-Sports · first_building Castle |
| 36:43 | PilotePSP · wall_segment Stone Wall x5 |
| 36:56 | Pulse it · first_building Castle |
| 37:19 | Pulse it · age_up imperial |
| 40:36 | agr · resign |
| 40:39 | RicH33 · wall_segment Stone Wall x44 |
| 42:09 | PL-Maciej · first_building Monastery |
| 42:48 | RicH33 · first_building Castle |
| 43:17 | PL-Maciej · first_building Castle |
[ AI ANALYSIS · 1 CREDIT ]
What really happened in this match?
Wolo.gg analyzes every decision: build order, eco, micro, common mistakes by bracket. Personalized analysis on WhatsApp or Discord in 30 seconds.
Civ guide
Huns
Map guide
Seasons
Perfil
Jugador #10325021